 Dungeon Crawl Stone Soup version 0.28.0 (webtiles) character file.

Game seed: 13643250166295194030

128 Morbidden the Sneak (level 4, -4/37 HPs)
             Began as a Palentonga Brigand on Feb 7, 2022.
             Slain by a gnoll (5 damage)
             ... on level 3 of the Dungeon.
             The game lasted 00:03:08 (2931 turns).

Morbidden the Sneak (Palentonga Brigand)            Turns: 2931, Time: 00:03:08

Health: -4/37      AC:  5    Str: 14    XL:     4   Next: 86%
Magic:  4/4        EV:  9    Int: 11    God:
Gold:   51         SH:  0    Dex: 14    Spells: 3/3 levels left

rFire   . . .      SeeInvis +   a - +2 dagger
rCold   . . .      Faith    .   (no shield)
rNeg    . . .      Spirit   .   b - +0 robe
rPois   .          Reflect  .   (no helmet)
rElec   .          Harm     .   c - +0 cloak
rCorr   .          Rampage  .   (no gloves)
Will    .....                   (no barding)
Stlth   ++........              (no amulet)
HPRegen 0.12/turn               (no ring)
MPRegen 0.09/turn               (no ring)

@: no status effects
A: large, rugged brown scales 3, see invisible, deformed body, roll 1, armoured
tail
a: Rolling Charge


You were on level 3 of the Dungeon.
You visited 1 branch of the dungeon, and saw 3 of its levels.

You collected 51 gold pieces.

Inventory:

Hand Weapons
 a - a +2 dagger (weapon)
Missiles
 e - 2 curare-tipped darts (quivered)
Armour
 b - a +0 robe (worn)
 c - a +0 cloak (worn)
Scrolls
 g - a scroll of summoning {unknown}
 i - a scroll of teleportation {unknown}
 k - a scroll of brand weapon {unknown}
 l - a scroll of identify {unknown}
 m - a scroll of amnesia {unknown}
 n - a scroll of blinking {unknown}
Potions
 f - a potion of heal wounds {unknown}
 h - 2 potions of haste {unknown}
 j - a potion of magic {unknown}
 o - a potion of cancellation {unknown}


   Skills:
 * Level 3.1 Fighting
 + Level 2.3 Short Blades
 + Level 1.7 Throwing
 + Level 1.2 Dodging
 + Level 3.6 Stealth


You had 3 spell levels left.
You didn't know any spells.
Your spell library was empty.

Dungeon Overview and Level Annotations

Branches:
Dungeon (3/15)

Altars:


Innate Abilities, Weirdness & Mutations

You are completely covered in rugged brown scales. (AC +3, +7% HP)
You have supernaturally acute eyesight. (SInv)
Armour fits poorly on your strangely shaped body.
You can roll at nearby foes to attack.
You have a long armoured tail.


Message History

You hit the gnoll but do no damage.
The gnoll is lightly wounded.
The gnoll barely misses you.
You hit the gnoll.
You tail-slap the gnoll, but do no damage.
The gnoll is moderately wounded.
The gnoll hits you but does no damage.
You completely miss the gnoll.
The gnoll is moderately wounded.
The gnoll hits you but does no damage. The gnoll hits you with a +0 spear.
* * * LOW HITPOINT WARNING * * *
The gnoll misses you.
The gnoll hits you from afar with a +0 spear.
* * * LOW HITPOINT WARNING * * *
Unknown command.
The gnoll barely misses you. x2
The gnoll shouts!
You are too injured to fight recklessly!
You hit the gnoll.
You tail-slap the gnoll, but do no damage.
The gnoll is heavily wounded.
Unknown command.
The gnoll closely misses you. The gnoll barely misses you.
The gnoll misses you.
Unknown command.
The gnoll hits you with a +0 club.
* * * LOW HITPOINT WARNING * * *
Found 16 stones.
A giant cockroach comes into view.
You hit the gnoll.
The gnoll is heavily wounded.
The gnoll completely misses you.
You hit the gnoll.
You tail-slap the gnoll, but do no damage.
The gnoll is severely wounded.
The gnoll hits you from afar with a +0 spear.
* * * LOW HITPOINT WARNING * * *
The gnoll hits you with a +0 club.
You die...

............).....#.#.##.#.###g
##.###..(..........#.#....#.#...
..................>g.#.#....#.##
##.........##.###..#####.####...
#####........#..........##.###.
.......####g##..#######S.g..
#.#.#.#.# #g##...# #(####
#.#...#.# #g##...#


ggS . ....... #@##....#..(## ..........# #.##.(#.#.(. #.##..#.B## #.. ...... ###
You could see 3 gnolls.

Vanquished Creatures
  3 adders
  4 gnolls
  A worm (D:2)
  4 dart slugs
  6 endoplasms
  2 giant cockroaches
  2 goblins
  4 hobgoblins
  5 kobolds
  2 quokkas
  3 ball pythons
  6 bats
  6 frilled lizards
  5 rats (D:1)
53 creatures vanquished.

Notes
Turn   | Place    | Note
-------+----------+-------------------------------------------
     0 | D:1      | Morbidden the Palentonga Brigand began the quest for the
                  | Orb.
     0 | D:1      | Reached XP level 1. HP: 17/17 MP: 1/1
   259 | D:1      | Reached XP level 2. HP: 23/23 MP: 2/2
   433 | D:1      | Found a faded altar of an unknown god.
  1046 | D:1      | Reached XP level 3. HP: 28/28 MP: 3/3
  1705 | D:2      | Reached skill level 1 in Dodging
  1709 | D:2      | Reached XP level 4. HP: 10/36 MP: 4/4
  2922 | D:3      | HP: 1/37 [gnoll (5)]
  2931 | D:3      | HP: 1/37 [gnoll (1)]
  2931 | D:3      | Slain by a gnoll

Illustrated notes

Levels and vault maps discovered:
D:1:      wander_arrival_lonely_grave, layout_loops_corners,
          dreamdust_ecumenical_altar_grove
D:2:      layout_basic
D:3:      layout_basic, uniq_grinder

Skill      XL: |  1  2  3  4 |
---------------+-------------+-----
Stealth        | 3 |  3.6
Dodging        | 1 |  1.2
Fighting       | 3 |  3.1
Short Blades   | |  2.3
Throwing       | |  1.7

Action                   |  1- 3 |  4- 6 || total
-------------------------+-------+-------++-------
Melee: Dagger            |    85 |    71 ||   156
       Tailslap          |     6 |     7 ||    13
       Punch             |     1 |     2 ||     3
Throw: Dart              |     6 |    13 ||    19
 Abil: Rolling Charge    |     1 |       ||     1
 Stab: Sleeping          |    10 |     4 ||    14
Armor: Robe              |    19 |    20 ||    39
Dodge: Dodged            |    38 |    51 ||    89
